cohdb
Replays
Latest Replays
All Replays
Popular Replays
Top Player Replays
Match Explorer
How It Works
Community
CoH3 Stats
Reddit
Sign in to upload your games and track your stats! →
Sign in with Steam
just curious about how it works
Match 45385538
Overview
Messages
Build Orders
End
Construct Infanterie Kompanie
Pioneer Squad
Grenadier Squad
Grenadier Squad
Grenadier Squad
Grenadier Squad
Infanterie Officer Quarters
Construct Panzergrenadier Kompanie
Pak 40 Anti-tank Gun Team
Selects Mechanized Battlegroup
Selects Raid Package
MG 42 Machine Gun Team
Selects 8 Rad Armored Car
8 Rad Armored Car
8 Rad Armored Car
8 Rad Armored Car
Selects Spotting Scopes
8 Rad Armored Car
Grenadier Squad
8 Rad Armored Car
Pak 40 Anti-tank Gun Team
MG 42 Machine Gun Team
8 Rad Armored Car
AI Takeover
Rei
⚓️Ruby⚓
K̳itsuné
BlueSkidrow™
0
0
Comments
sign in to comment!
No comments posted yet!